 Dungeon Crawl Stone Soup version 0.17-a0-1181-gabc46e6 (webtiles) character file.

7357 Cryogen the Cleaver (level 10, -2/91 HPs)
             Began as a Mottled Draconian Fighter on May 31, 2015.
             Was a Follower of Sif Muna.
             Slain by a queen ant (9 damage)
             ... on level 8 of the Dungeon.
             The game lasted 00:57:28 (11642 turns).

Cryogen the Cleaver (Mottled Draconian Fighter)    Turns: 11642, Time: 00:57:28

Health: -2/91      AC:  8    Str: 20    XL:     10   Next: 91%
Magic:  14/14      EV: 20    Int:  8    God:    Sif Muna [*.....]
Gold:   516        SH:  0    Dex: 13    Spells: 2 memorised, 10 levels left

rFire  . . .     SeeInvis +     q - +1 hand axe
rCold  . . .     Clarity  .     (armour unavailable)
rNeg   . . .     SustAt   .     (no shield)
rPois  .         Gourm    .     (helmet restricted)
rElec  .         Spirit   .     (no cloak)
rCorr  +         Warding  .     B - +0 pair of gloves
rMut   .         Stasis   .     (no boots)
MR     .....                    o - amulet of resist corrosion
Stlth  +.........               j - +4 ring of evasion
                                l - ring of see invisible

@: confused, lethally poisoned (-2 -> -35), short of breath, very slightly
contaminated, invisible, not resistant to hostile enchantments, very unstealthy
A: breathe sticky flame splash, unfitting armour, cold-blooded, AC +7
a: Breathe Sticky Flame, Channel Energy, Renounce Religion


You were on level 8 of the Dungeon.
You worshipped Sif Muna.
Sif Muna was aware of your devotion.
You were not hungry.

You visited 2 branches of the dungeon, and saw 9 of its levels.

You collected 516 gold pieces.

Inventory:

Hand weapons
 q - a +1 hand axe (weapon)
Armour
 B - a +0 pair of gloves (worn)
Jewellery
 j - a +4 ring of evasion (right hand)
 l - a ring of see invisible (left hand)
 o - an amulet of resist corrosion (around neck)
Magical devices
 a - a wand of paralysis (9)
 w - a wand of magic darts (34)
 x - a wand of flame (29)
 A - a wand of random effects (36)
Scrolls
 b - 3 scrolls of recharging {unknown}
 c - 2 scrolls of teleportation
 g - 4 scrolls of remove curse
 h - 8 scrolls of identify
 k - 2 scrolls of enchant armour {unknown}
 m - 2 scrolls of enchant weapon {unknown}
 r - a scroll of fear {unknown}
 s - 2 scrolls of immolation {unknown}
 t - a scroll of fog
 v - 2 scrolls of summoning {unknown}
 y - a scroll of amnesia {unknown}
 z - a scroll of acquirement {unknown}
Potions
 i - 3 potions of brilliance
Books
 u - a book of Burglary

   Spells                             Type                      Level
   a - Swiftness                      Charms/Air                   2
   b - Passwall                       Transmutation/Earth          3
   c - Passage of Golubria            Translocation                4
   d - Lee's Rapid Deconstruction     Earth                        5
   e - Invisibility                   Hexes                        6
   f - Darkness                       Hexes                        7
Comestibles
 d - 5 bread rations


   Skills:
 + Level 9.1 Fighting
 * Level 10.7 Axes
 + Level 8.0 Dodging
 - Level 2.0 Stealth
   Level 3.0 Shields
 + Level 3.0 Spellcasting
 + Level 3.3 Charms
 + Level 2.8 Transmutations
 + Level 0.4 Air Magic
 + Level 0.6 Earth Magic


You had 10 spell levels left.
You knew the following spells:

 Your Spells              Type           Power        Failure   Level  Hunger
a - Swiftness             Chrm/Air       #.......     24%         2    ###....
b - Passwall              Trmt/Erth      #.........   61%         3    ####...


Dungeon Overview and Level Annotations

Branches:
Dungeon (8/15)             Temple (1/1) D:7
   Lair: D:8-11

Altars:
Ashenzari
Cheibriados
Dithmenos
Elyvilon
Fedhas
Gozag
Kikubaaqudgha
Makhleb
Nemelex Xobeh
Okawaru
Ru
Sif Muna
Trog
Vehumet
Xom
Yredelemnul
Zin
The Shining One


Innate Abilities, Weirdness & Mutations

You can spit globs of burning liquid.
You can ignite nearby creatures when you spit burning liquid.
Your weird mottled scales are hard (AC +7).
Your body does not fit into most forms of armour.
You are cold-blooded and may be slowed by cold attacks.


Message History

You are very lightly contaminated with residual magic.
It was a potion of ambrosia.
You are confused.
You feel invigorated.
* * * LOW HITPOINT WARNING * * *
You feel very sick. The queen ant barely misses you.
* * * LOW HITPOINT WARNING * * *
You feel very sick.
You're too confused!
You bump into the rock wall.
* * * LOW HITPOINT WARNING * * *
You feel very sick. The queen ant stings you.
* * * LOW HITPOINT WARNING * * *
You bump into the rock wall.
* * * LOW HITPOINT WARNING * * *
You feel very sick. The queen ant stings you!
You die...

.......# #.#..# ##.# ......[#
#.#..###### .# #.....##
###.#..(....##.# ##...##
#..............# .....#
#.#.##.####.#### ####.#######
#.#.##.###...## .†.........##
#.#.##.##.....##
####.####...######.#.##..........
# #..# #.....†a@..#.#####...(.##
#.## ##..#######..# ##...## #.#
##†#.# ##.# ##.## #.# #a.#a# #
#.# ##.## #.#........ #.# ##...#
#...a...#.. #.# ...#.#
..#....#..# #.#
.#...#.$..#..#.#.. .##.##.. .
.#...#.


You could see a queen ant.

Vanquished Creatures
  Pikel (D:4)
  A cyclops (shapeshifter) (D:8)
  The ghost of Phoenix the Cudgeler, an average MiBe of Trog (D:7)
  Grinder (D:3)
  Prince Ribbit (D:5)
  The ghost of CrayRabbit the Sneak, an average OpFi (D:5)
  A spriggan (D:7)
  A wyvern (D:8)
  A hungry ghost (D:8)
  7 soldier ants (D:8)
  3 ice beasts
  4 orc warriors (D:8)
  6 centaurs
  A phantom (D:8)
  A sky beast (D:4)
  8 ogres
  4 big kobolds (D:8)
  Blork the orc (D:5)
  3 giant frogs (D:7)
  4 wights (D:6)
  A crimson imp (D:7)
  A giant frog zombie (D:8)
  A giant frog skeleton (D:5)
  A jelly (D:7)
  19 worker ants
  Ijyb (D:2)
  A centaur skeleton (D:8)
  4 gnoll shamans
  3 hounds
  3 orc priests
  14 orc wizards
  An iguana (D:8)
  A killer bee zombie (D:6)
  A hound zombie (D:7)
  A worker ant zombie (D:8)
  20 gnolls
  13 adders
  A shadow imp (D:8)
  3 oozes
  3 worms
  5 giant geckos
  20 orcs
  10 bats
  5 giant cockroaches
  12 hobgoblins
  11 jackals
  12 kobolds
  4 quokkas
  2 ball pythons
  A giant gecko skeleton (D:7)
  6 giant newts
  14 goblins
  A jackal skeleton (D:4)
  A quokka skeleton (D:7)
  A quokka zombie (D:8)
  16 rats
  A butterfly (D:7)
  4 plants (D:8)
270 creatures vanquished.

Vanquished Creatures (others)
  2 slaves (D:4)
  A worker ant (D:4)
  An ooze (D:4)
  2 giant geckos (D:4)
  2 bats (D:4)
  A goblin (D:4)
  A quokka (D:4)
  A rat (D:4)
  4 fungi (D:8)
15 creatures vanquished.

Grand Total: 285 creatures vanquished

Notes
Turn   | Place    | Note
--------------------------------------------------------------
     0 | D:1      | Cryogen the Draconian Fighter began the quest for the Orb.
     0 | D:1      | Reached XP level 1. HP: 19/19 MP: 1/1
   158 | D:1      | Reached XP level 2. HP: 17/26 MP: 2/2
   644 | D:1      | Reached XP level 3. HP: 25/33 MP: 3/3
  1211 | D:2      | Noticed Ijyb
  1240 | D:2      | Killed Ijyb
  1580 | D:2      | Reached XP level 4. HP: 36/40 MP: 4/4
  1926 | D:3      | Reached skill level 1 in Stealth
  2019 | D:3      | Reached skill level 4 in Fighting
  2449 | D:3      | Noticed Grinder
  2457 | D:3      | Killed Grinder
  2457 | D:3      | Reached XP level 5. HP: 18/47 MP: 5/5
  2457 | D:3      | Reached XP level 6. HP: 20/53 MP: 6/6
  3388 | D:4      | Noticed Pikel
  3413 | D:4      | Killed Pikel
  3413 | D:4      | Reached skill level 5 in Fighting
  3413 | D:4      | Reached skill level 5 in Axes
  3413 | D:4      | Reached skill level 5 in Dodging
  3413 | D:4      | Your scales start taking on a weird mottled colour.
  3413 | D:4      | Reached XP level 7. HP: 45/61 MP: 7/7
  3482 | D:4      | Reached skill level 6 in Axes
  3730 | D:4      | Reached XP level 8. HP: 38/70 MP: 8/8
  4761 | D:5      | Entered Level 5 of the Dungeon
  4799 | D:5      | Noticed Prince Ribbit
  5100 | D:5      | Found a sparkling altar of Nemelex Xobeh.
  5100 | D:5      | Found a sacrificial altar of Ru.
  5100 | D:5      | Found a basalt altar of Yredelemnul.
  5100 | D:5      | Found a white marble altar of Elyvilon.
  5148 | D:5      | Found a bloodstained altar of Trog.
  5391 | D:5      | Noticed CrayRabbit's ghost (average OpFi)
  5430 | D:5      | Killed CrayRabbit's ghost
  5430 | D:5      | Reached skill level 7 in Axes
  6195 | D:5      | Killed Prince Ribbit
  6389 | D:5      | Noticed Blork the orc
  6399 | D:5      | Killed Blork the orc
  6483 | D:5      | Reached skill level 8 in Axes
  6530 | D:5      | Reached XP level 9. HP: 79/79 MP: 9/9
  7823 | D:7      | Reached skill level 9 in Axes
  7918 | D:7      | Noticed Phoenix's ghost (average MiBe)
  7949 | D:7      | Killed Phoenix's ghost
  8160 | D:7      | Found an ancient bone altar of Kikubaaqudgha.
  8210 | D:7      | Learned a level 2 spell: Swiftness
  8214 | D:7      | Learned a level 3 spell: Passwall
  8401 | D:7      | Found a staircase to the Ecumenical Temple.
  8413 | Temple   | Entered the Ecumenical Temple
  8504 | Temple   | Became a worshipper of Sif Muna the Loreminder
  8631 | D:7      | Reached skill level 1 in Charms
  9041 | D:8      | Reached skill level 1 in Spellcasting
  9041 | D:8      | Reached XP level 10. HP: 85/88 MP: 11/11
  9288 | D:8      | Reached skill level 1 in Transmutations
  9446 | D:8      | Reached skill level 10 in Axes
  9532 | D:8      | Found a shattered altar of Ashenzari.
 10841 | D:8      | Noticed a guardian serpent
 10841 | D:8      | Noticed a cyclops
 10841 | D:8      | a guardian serpent changed into a cyclops
 10857 | D:8      | Killed a cyclops
 10857 | D:8      | Acquired Sif Muna's first power
 11293 | D:8      | Noticed a queen ant
 11642 | D:8      | Slain by a queen ant

Vault maps used:
D:1:      dpeg_arrival_prison
D:2:      uniq_iyjb
D:3:      first_bread, uniq_grinder
D:4:      uniq_pikel
D:5:      grunt_temple_overflow_open, uniq_prince_ribbit1, uniq_blork_the_orc
D:7:      kiku_gazebo_pond_becter, minmay_temple_entry_butterflies, the_bakery
D:8:      kennysheep_seaside_town, basic_altar, zaba_anthell
Temple:   water_room_temple_b_12

Action                   |  1- 3 |  4- 6 |  7- 9 | 10-12 || total
-------------------------+-------+-------+-------+-------++-------
Melee: War axe           |    97 |   114 |   245 |       ||   456
       Hand axe          |       |       |   246 |   567 ||   813
 Abil: Breathe Sticky Fl |       |       |    23 |    21 ||    44
  Use: Potion            |       |     2 |     7 |     5 ||    14
       Scroll            |       |     7 |     1 |       ||     8
 Stab: Sleeping          |     1 |     2 |     3 |       ||     6
  Eat: Beef jerky        |     1 |       |       |     2 ||     3
       Bread ration      |       |     2 |     1 |     2 ||     5
       Meat ration       |       |       |     3 |       ||     3
       Pizza             |       |       |     2 |       ||     2
       Royal jelly       |       |       |     1 |       ||     1
